 Dungeon Crawl Stone Soup version 0.28-a0-512-g960c72b710 (webtiles) character file.

Game seed: 7395793802317758044

721 Lekart the Skirmisher (level 7, 0/61 HPs)
             Began as a Green Draconian Chaos Knight on Sept 22, 2021.
             Was a Plaything of Xom.
             Slain by a kobold brigand (8 damage)
             ... in a sewer.
             The game lasted 00:15:14 (5981 turns).

Lekart the Skirmisher (DrCK)                        Turns: 5981, Time: 00:15:15

Health: 0/61       AC:  6    Str: 14      XL:     7   Next: 42%
Magic:  21/21      EV: 12    Int: 11 (12) God:    Xom [*.....]
Gold:   219        SH:  0    Dex: 11      Spells: 12/13 levels left

rFire   + . .      SeeInvis .   b - +3 demon blade
rCold   . . .      Faith    .   (no shield)
rNeg    . . .      Spirit   .   (armour unavailable)
rPois   +          Reflect  .   (helmet restricted)
rElec   +          Harm     .   (no cloak)
rCorr   .          Rampage  .   (no gloves)
Will    .....                   (no boots)
Stlth   +.........              (no amulet)
HPRegen 0.20/turn               k - ring of magical power
MPRegen 0.17/turn               (no ring)

@: confused, short of breath, ambrosia-drunk
A: breathe noxious fumes, AC +6, unfitting armour, poison resistance,
cold-blooded, clumsy 1, deterioration 1, fire resistance 1, electricity
resistance, wild magic 1
a: Breathe Noxious Fumes, Renounce Religion


You were in a sewer.
You worshipped Xom.
You were a special plaything of Xom.
You visited 1 branch of the dungeon, and saw 5 of its levels.
You also visited: Sewer.

You collected 219 gold pieces.

Inventory:

Hand Weapons
 a - a +0 falchion of chaos
 b - a +3 demon blade (weapon)
Missiles
 f - 23 poisoned darts (quivered)
 h - 2 throwing nets
Jewellery
 k - a ring of magical power (left hand)
Wands
 i - a wand of flame (25)
Scrolls
 d - a scroll of enchant armour
Potions
 c - a potion of ambrosia
 l - a potion of curing {unknown}


   Skills:
 + Level 5.0 Fighting
 + Level 4.8 Long Blades
 + Level 1.2 Throwing
 + Level 3.3 Dodging
 * Level 3.9 Spellcasting
 + Level 2.5 Necromancy


You had 12 spell levels left.
You knew the following spells:

 Your Spells              Type           Power      Damage    Failure   Level
a - Pain                  Necr           40%        1d6       13%         1

Your spell library contained the following spells:

 Spells                   Type           Power      Damage    Failure   Level
 Agony                    Necr           10%        N/A       96%         5
 Excruciating Wounds      Necr           5%         N/A       96%         5


Dungeon Overview and Level Annotations

Branches:
Dungeon (5/15)             Temple (0/1) D:5           Sewer (1/1)

Altars:
Makhleb
Ru
Zin
The Shining One


Innate Abilities, Weirdness & Mutations

You can breathe blasts of noxious fumes.
Your lurid green scales are hard. (AC +6)
You cannot fit into any form of body armour.
Your system is resistant to poisons. (rPois)
You are cold-blooded and may be slowed by cold attacks.
You are clumsy. (Dex -2)
Your body sometimes deteriorates upon taking damage.
Your flesh is heat resistant. (rF+)
You are resistant to electric shocks. (rElec)
Your spells are a little harder to cast, but a little more powerful.


Message History

You hit the kobold brigand.
Your tail-slap misses the kobold brigand.
The kobold brigand is almost dead.
You feel sick. The kobold brigand barely misses you.
You closely miss the kobold brigand.
The kobold brigand is almost dead.
You feel sick.
The kobold brigand hits you with a +1 dagger of venom.
* * * LOW HITPOINT WARNING * * *
You hit the kobold brigand.
You kill the kobold brigand!
You feel sick.
The kobold brigand seems less confused.
The kobold brigand throws a poisoned dart.
The poisoned dart misses you.
You feel your dexterity returning.
Your Fighting skill increases to level 5!
You feel sick.
You are no longer poisoned.
Things that are here:
a +0 dagger; 5 stones The kobold brigand hits you with a +0 short sword.
* * * LOW HITPOINT WARNING * * *
There is a large open door here.
You hit the kobold brigand.
The kobold brigand is heavily wounded.
The kobold brigand hits you with a +0 short sword.
* * * LOW HITPOINT WARNING * * *
The kobold brigand hits you but does no damage.
You are confused.
You feel invigorated. "Have a taste of chaos, mortal."
The kobold brigand's +0 short sword erupts in a glittering mayhem of colour.
The kobold brigand misses you.
The kobold brigand hits you with a +2 short sword of chaos!
* * * LOW HITPOINT WARNING * * *
You miss the kobold brigand.
The kobold brigand is heavily wounded.
The kobold brigand hits you with a +2 short sword of chaos!
You die...
Xom howls with laughter!

#################≈≈≈##
#≈≈≈≈≈≈≈≈≈≈≈≈≈≈≈≈≈≈≈≈≈
#≈≈≈≈≈≈≈≈≈≈≈≈≈≈≈≈≈≈≈≈≈
#≈≈≈≈≈≈≈≈≈≈≈≈≈≈≈≈≈≈≈≈≈
###'########≈≈########
#...#)...#.P≈≈P≈.....
#.∩.#.∩[?'.)≈≈≈≈.....
#.∩.#...K')..........
#####..!@#...........
########.........
#.##.....# ### ######


You could see a kobold brigand.

Vanquished Creatures
  An ogre (D:4)
  A kobold brigand (Sewer)
  A scorpion (D:4)
  2 hounds (D:3)
  A gnoll shaman (D:4)
  An iguana (D:4)
  Natasha (thrice) (D:3)
  An orc wizard (D:3)
  3 gnolls (D:4)
  2 adders
  6 dart slugs
  4 orcs (D:3)
  5 bats
  9 endoplasms
  7 giant cockroaches
  7 goblins
  11 hobgoblins
  3 jackals (D:2)
  A quokka (D:3)
  11 ball pythons
  3 frilled lizards
  10 kobolds
  3 rats
96 creatures vanquished.

Vanquished Creatures (collateral kills)
  A ynoxinul (D:3)
1 creature vanquished.

Grand Total: 97 creatures vanquished

Notes
Turn   | Place    | Note
-------+----------+-------------------------------------------
     0 | D:1      | Lekart the Draconian Chaos Knight began the quest for the
                  | Orb.
     0 | D:1      | Reached XP level 1. HP: 19/19 MP: 1/1
   288 | D:1      | Reached XP level 2. HP: 26/26 MP: 2/2
  1079 | D:1      | Reached XP level 3. HP: 20/33 MP: 3/3
  1417 | D:2      | Found a sacrificial altar of Ru.
  1473 | D:2      | Gained mutation: Your system is resistant to poisons.
                  | (rPois) [potion of mutation]
  1473 | D:2      | Gained mutation: You expend magic power (3 MP) to
                  | strengthen your wands. [potion of mutation]
  1626 | D:2      | Reached skill level 4 in Fighting
  1626 | D:2      | Reached skill level 1 in Spellcasting
  1855 | D:2      | Learned a level 1 spell: Pain
  1905 | D:2      | XOM: silly message
  2007 | D:2      | XOM: 2-stop teleportation journey
  2047 | D:2      | XOM: polymorph jackal -> ball python
  2056 | D:2      | XOM: give mutations
  2056 | D:2      | Gained mutation: Your body sometimes deteriorates upon
                  | taking damage. [Xom's mischief]
  2056 | D:2      | Gained mutation: You are clumsy. (Dex -2) [Xom's mischief]
  2056 | D:2      | Lost mutation: You expend magic power (3 MP) to strengthen
                  | your wands. [Xom's mischief]
  2056 | D:2      | Lost mutation: Your system is resistant to poisons. (rPois)
                  | [Xom's mischief]
  2136 | D:2      | Found a faded altar of an unknown god.
  2280 | D:2      | XOM: summons 2 hostile demons
  2649 | D:3      | Reached XP level 4. HP: 36/40 MP: 1/5
  2797 | D:3      | Noticed Natasha
  2798 | D:3      | XOM: cleaving
  2803 | D:3      | Killed Natasha
  2876 | D:3      | Reached skill level 1 in Necromancy
  3234 | D:3      | Found a glowing silver altar of Zin.
  3234 | D:3      | Noticed Natasha
  3251 | D:3      | Killed Natasha
  3252 | D:3      | Reached XP level 5. HP: 28/46 MP: 6/8
  3328 | D:3      | XOM: give mutations
  3328 | D:3      | Gained mutation: You sometimes lose the ability to read
                  | scrolls when taking damage. [Xom's mischief]
  3328 | D:3      | Gained mutation: You are very clumsy. (Dex -4) [Xom's
                  | mischief]
  3328 | D:3      | Gained mutation: Your spells are a little harder to cast,
                  | but a little more powerful. [Xom's mischief]
  3525 | D:3      | XOM: give mutation
  3525 | D:3      | Gained mutation: Your flesh is heat resistant. (rF+) [Xom's
                  | grace]
  3560 | D:3      | Noticed Natasha
  3563 | D:3      | XOM: fog
  3564 | D:3      | XOM: noise
  3569 | D:3      | Killed Natasha
  3773 | D:3      | Noticed Grinder
  3777 | D:3      | XOM: butterfly on damage
  3781 | D:3      | Noticed Grinder
  3781 | D:3      | Grinder changed into Grinder the ynoxinul
  3781 | D:3      | XOM: polymorph Grinder -> Grinder the ynoxinul
  3831 | D:3      | XOM: divination: detect items
  3940 | D:4      | Noticed an ogre
  3945 | D:3      | Found a large runed translucent door.
  3945 | D:3      | Found a large runed translucent door.
  4139 | D:3      | XOM: god gift: staff of conjuration
  4163 | D:3      | XOM: cast spell 'Summon Dragon'
  4171 | D:3      | Killed Grinder the ynoxinul
  4172 | D:3      | Reached skill level 1 in Throwing
  4172 | D:3      | Reached XP level 6. HP: 46/53 MP: 9/9
  4316 | D:3      | Found a glowing golden altar of the Shining One.
  4319 | D:3      | Found a burning altar of Makhleb.
  4454 | D:4      | XOM: divination: detect creatures
  4547 | D:3      | XOM: noise
  4771 | D:4      | Your scales start taking on a lurid green colour.
  4771 | D:4      | Reached XP level 7. HP: 58/60 MP: 7/11
  4771 | D:4      | Gained mutation: Your system is resistant to poisons.
                  | (rPois) [Green Draconian growth]
  4911 | D:4      | XOM: stat loss: -1 Dex (8/9)
  5269 | D:4      | XOM: 3-stop teleportation journey
  5379 | D:4      | XOM: chaos cloud
  5604 | D:4      | XOM: give mutations
  5604 | D:4      | Lost mutation: You are very clumsy. (Dex -4) [Xom's
                  | mischief]
  5604 | D:4      | Gained mutation: You are resistant to electric shocks.
                  | (rElec) [Xom's mischief]
  5604 | D:4      | Lost mutation: You sometimes lose the ability to read
                  | scrolls when taking damage. [Xom's mischief]
  5645 | D:4      | XOM: silly message
  5921 | D:5      | Entered Level 5 of the Dungeon
  5932 | D:5      | Found a glowing drain.
  5942 | Sewer    | Entered a sewer
  5976 | Sewer    | Reached skill level 5 in Fighting
  5979 | Sewer    | XOM: chaos upgrade
  5981 | Sewer    | Slain by a kobold brigand

Illustrated notes

Levels and vault maps discovered:
D:1:      pf_arrival_petrified_forest, layout_basic, minmay_cupped
D:2:      layout_rooms, shapermc_ecumenical_altar_ellora, basic_altar
D:3:      layout_basic, jmf_multi_god_temple2, amcnicky_altar_gilded,
          guppyfry_early_lair_pool, uniq_grinder, uniq_natasha
D:4:      layout_layer_cave
D:5:      layout_rooms, minmay_temple_entry_glass, cheibrodos_sewer_entry_sluice
Sewer:    kennysheep_pipe_town

Skill      XL: |  1  2  3  4  5  6  7 |
---------------+----------------------+-----
Fighting       | 4 5 |  5.0
Spellcasting   | 1 2 3 |  3.9
Necromancy     | 1 2 |  2.5
Long Blades    | 4 |  4.8
Throwing       | 1 |  1.2
Dodging        | 3 |  3.3

Action                   |  1- 3 |  4- 6 |  7- 9 || total
-------------------------+-------+-------+-------++-------
Melee: Falchion          |    92 |       |       ||    92
       Tailslap          |    19 |     5 |     2 ||    26
       Demon blade       |    26 |    92 |    26 ||   144
Throw: Dart              |     5 |    15 |     1 ||    21
 Cast: Pain              |    25 |    16 |    40 ||    81
 Abil: Breathe Noxious F |       |       |     3 ||     3
  Use: Potion            |     2 |     3 |     1 ||     6
       Scroll            |     2 |     2 |     5 ||     9
 Stab: Sleeping          |     1 |       |       ||     1
       Confused          |       |       |     2 ||     2
Armor: Skin              |    39 |    53 |    14 ||   106
Dodge: Dodged            |   108 |    91 |    39 ||   238

Table legend: (Time is in decaauts)
 A = Elapsed time spent in this place.
 B = Non-inter-level travel time spent in this place.
 C = Inter-level travel time spent in this place.
 D = Time resting spent in this place.
 E = Time spent auto-exploring this place.
 F = Levels seen in this place.
 G = Mean time per level.
                   A        B        C        D        E       F      G
               +--------+--------+--------+--------+--------+-----+--------+
         Total |   6045 |   5973 |     72 |   1365 |   3540 |   6 | 1007.5 |
       Dungeon |   5992 |   5920 |     72 |   1365 |   3540 |   5 | 1198.4 |
         Sewer |     52 |     52 |      0 |      0 |      0 |   1 |   52.0 |
               +--------+--------+--------+--------+--------+-----+--------+

Top non-repeatable levels by time:
     D:3: 1990 daAuts
     D:4: 1536 daAuts
     D:1: 1396 daAuts
     D:2: 1047 daAuts
   Sewer: 52 daAuts
     D:5: 22 daAuts
